AoeStats
← SAFIRA

Arabia

509999452Analyzed
2v2 RM · 4d ago on Sep 29, 2026· 54m 44s· 4 players
Game mode
Random Map
Map size
Medium (4 player)
Population
200
Speed
Normal
Resources
Standard
Victory
Conquest
Starting age
Dark Age
Ending age
Imperial Age
RankedLock teamsTeams togetherTeam positionsShared explorationLock speedFull tech treeHidden civsTurbo modeCheats
Victory
Defeat
🇺🇸 Romans · United States
713
+16
🇺🇸 Aztecs · United States
710
+16
🇺🇸 Huns · United States
766
-38
🇧🇷 Magyars · Brazil
656
-14
SalamiPocket
7:04 Loom
9:37 Feudal Age
15:22 Double-Bit Axe
15:38 Horse Collar
19:40 Castle Age
20:35 Wheelbarrow
19:45 Town Watch
20:16 Forging
20:35 Squires
20:24 Arson
20:10 Eagle Warrior
22:01 Fletching
22:13 Scale Mail Armor
24:54 Iron Casting
25:57 Squires
27:35 Crossbowman
28:45 Bodkin Arrow
29:55 Padded Archer Armor
29:57 Gold Mining
31:32 Hand Cart
31:17 Town Patrol
31:23 Town Patrol
32:02 Gold Shaft Mining
32:04 Bow Saw
32:27 Pikeman
33:45 Ballistics
37:04 Leather Archer Armor
44:18 Imperial Age
45:26 Arbalester
46:53 Bracer
47:55 Blast Furnace
47:49 Elite Eagle Warrior
53:24 Conscription
ChairBoy6237
9:43 Feudal Age
11:59 Man-at-Arms
13:38 Forging
13:29 Scale Mail Armor
24:10 Castle Age
25:50 Chain Mail Armor
25:29 Long Swordsman
28:41 Loom
28:54 Gold Mining
32:04 Iron Casting
42:18 Town Watch
43:00 Double-Bit Axe
44:16 Wheelbarrow
56:19 Imperial Age
SAFIRA
2:36 Loom
10:50 Feudal Age
11:37 Horse Collar
13:04 Double-Bit Axe
14:53 Wheelbarrow
16:52 Gold Mining
17:58 Bloodlines
22:24 Town Watch
23:04 Padded Archer Armor
32:56 Fletching
33:07 Scale Mail Armor
35:35 Castle Age
40:46 Stone Mining
ethangoebel8
13:37 Feudal Age
14:55 Wheelbarrow
14:44 Horse Collar
14:58 Double-Bit Axe
17:18 Man-at-Arms
17:53 Fletching
18:03 Padded Archer Armor
18:05 Scale Mail Armor
18:10 Scale Barding Armor
18:17 Forging
25:26 Castle Age
25:42 Gold Mining
26:15 Town Watch
26:16 Loom
32:57 Hand Cart
35:03 Crossbowman
35:04 Elite Skirmisher
46:18 Imperial Age
46:29 Long Swordsman
Connection lost

Rejoining the realm…

Still unreachable

The connection could not be restored.

Session expired

The server has moved on; the page needs a fresh start.